 Dungeon Crawl Stone Soup version 0.30.1 (webtiles) character file.

Game seed: 5276608580666973634

12 Ijustatesigmund the Charlatan (level 2, -2/19 HPs)
             Began as an Octopode Artificer on July 13, 2023.
             Slain by a worm (11 damage)
             ... on level 2 of the Dungeon.
             The game lasted 00:02:00 (812 turns).

Ijustatesigmund the Charlatan (Octopode Artificer)   Turns: 812, Time: 00:02:01

Health: -2/19      AC:  1    Str: 11    XL:     2   Next: 33%
Magic:  2/2        EV: 13    Int: 13    God:
Gold:   38         SH:  0    Dex: 12    Spells: 1/1 levels left

rFire   . . .        a - +0 club
rCold   . . .        (no shield)
rNeg    . . .        (helmet restricted)
rPois   .            (no amulet)
rElec   .            (no ring)
rCorr   .            (no ring)
SInv    .            (no ring)
Will    .....        (no ring)
Stlth   +++          (no ring)
HPRegen 0.23/turn    (no ring)
MPRegen 0.08/turn    (no ring)
                     (no ring)

%: no passive effects
@: no status effects
A: almost no armour, amphibious, 8 rings, camouflage 1, gelatinous body 1,
(nimble swimmer 1), tentacles
a: no special abilities


You were on level 2 of the Dungeon.
You visited 1 branch of the dungeon, and saw 2 of its levels.

You collected 38 gold pieces.

Inventory:

Hand Weapons
 a - a +0 club (weapon)
Wands
 b - a wand of flame (15)
 c - a wand of charming (15)
 d - a wand of iceblast (5)
Scrolls
 e - a scroll of blinking {unknown}
 i - a scroll of brand weapon {unknown}
Potions
 f - a potion of invisibility {unknown}
 g - 2 potions of degeneration {unknown}
 j - a potion of brilliance {unknown}


   Skills:
 + Level 2.3 Fighting
 - Level 2.3 Dodging
 - Level 1.3 Stealth
 - Level 3.2 Evocations


You had one spell level left.
You didn't know any spells.
Your spell library was empty.

Dungeon Overview and Level Annotations

Branches:
Dungeon (2/15)

Altars:

Shops:
D:2 ((


Innate Abilities, Weirdness & Mutations

You cannot wear most types of armour.
You are amphibious.
You can wear up to eight rings at the same time.
Your skin changes colour to match your surroundings (Stealth+).
Your rubbery body absorbs attacks. (AC +1, EV +1)
((You are camouflaged when in or above water. (Stealth+)))
You have tentacles for arms and can constrict up to eight enemies at once.


Message History

Aim: a worm (77% to hit)
You throw a silver javelin.
The silver javelin pierces through the worm!
The worm is heavily wounded.
Throw: 5 javelins (silver)
Press: ? - help, Q - select action, (/) - cycle Shift-Dir - straight line, f/p - worm
Aim: a worm (heavily wounded, 77% to hit)
You throw a silver javelin.
The silver javelin barely misses the worm.
Unknown command.
You see here 16 gold pieces.
Throw: 4 javelins (silver)
Press: ? - help, Q - select action, (/) - cycle Shift-Dir - straight line, f/p - worm
Aim: a worm (moderately wounded, 77% to hit)
You throw a silver javelin.
The silver javelin pierces through the worm.
The worm is heavily wounded.
Throw: 3 javelins (silver)
Press: ? - help, Q - select action, (/) - cycle Shift-Dir - straight line, f/p - worm
Aim: a worm (lightly wounded, 77% to hit)
You throw a silver javelin.
The silver javelin pierces through the worm.
The worm is moderately wounded.
Throw: 2 javelins (silver)
Press: ? - help, Q - select action, (/) - cycle Shift-Dir - straight line, f/p - worm
Aim: a worm (moderately wounded, 77% to hit)
You throw a silver javelin.
The silver javelin pierces through the worm.
The worm is heavily wounded.
Throw: javelin (silver)
Press: ? - help, Q - select action, (/) - cycle Shift-Dir - straight line, f/p - worm
Aim: a worm (heavily wounded, 77% to hit)
You throw a silver javelin.
The silver javelin barely misses the worm.
The worm misses you.
You hit the worm. You grab the worm. You squeeze the worm, but do no damage.
The worm is heavily wounded.
You constrict the worm. The worm bites you!
Ouch! That really hurt!
You die...

#. #.#.##.#######
#. ##.#.##.# #..
#..#.##.#
####..###..#.##.#
.<.........#.##..
.##..#<..(#w##..
#.......#.#
.##.....#.#(#
........@w.(#
##........###
#...####### #.#.
#.#.


You could see a worm.

Vanquished Creatures
  2 ball pythons (D:1)
  2 endoplasms (D:1)
  A giant cockroach (D:1)
  A goblin (D:1)
  A hobgoblin (D:1)
  3 frilled lizards
  2 rats (D:1)
12 creatures vanquished.

Notes
Turn   | Place    | Note
-------+----------+-------------------------------------------
     0 | D:1      | Ijustatesigmund the Octopode Artificer began the quest for
                  | the Orb.
     0 | D:1      | Reached XP level 1. HP: 13/13 MP: 1/1
   187 | D:1      | Found a faded altar of an unknown god.
   295 | D:1      | Reached XP level 2. HP: 18/19 MP: 2/2
   777 | D:2      | Found Wafuwk's Weapon Emporium.
   786 | D:2      | Found Ufauhugo's Antique Weapon Boutique.
   812 | D:2      | Slain by a worm

Illustrated notes

Levels and vault maps discovered:
D:1:      psy_arrival_conway, layout_loops_ring, ebering_ecumenical_altar_hall,
          chequers_serial_rivers_room_b, minivault_24
D:2:      layout_basic, serial_shops, shop, shop, shop,
          nicolae_shop_window_shopping, nicolae_shop_just_a_little_nook

Skill      XL: |  1 |
---------------+----+-----
Fighting       | 2 |  2.3
Dodging        | |  2.3
Stealth        | |  1.3
Evocations     | |  3.2

Action                     || total
---------------------------++-------
  Melee: Club              ||    24
         Constrict         ||     9
         Tentacles         ||     4
         Punch             ||     1
  Throw: Javelin           ||     7
   Stab: Sleeping          ||     5
  Dodge: Dodged            ||    12
